 Dungeon Crawl Stone Soup version 0.21-a0-529-g8c7b3f5 (webtiles) character file.

460 Amnesiac the Grave Robber (level 6, -3/37 HPs)
             Began as a Deep Elf Necromancer on Dec 9, 2017.
             Was an Initiate of Sif Muna.
             Slain by Amnesiac's ghost (6 damage)
             ... on level 4 of the Dungeon.
             The game lasted 00:08:58 (3707 turns).

Amnesiac the Grave Robber (Deep Elf Necromancer)    Turns: 3707, Time: 00:08:59

Health: -3/37      AC:  5    Str:  5    XL:     6   Next: 78%
Magic:  8/15       EV: 13    Int: 22    God:    Sif Muna [......]
Gold:   181        SH:  0    Dex: 15    Spells: 4/14 levels left

rFire    . . .     SeeInvis .   k - -2 broad axe (curse)
rCold    . . .     Gourm    .   (no shield)
rNeg     . . .     Faith    .   i - +0 troll leather armour {Purgy}
rPois    .         Spirit   .   (no helmet)
rElec    .         Reflect  .   (no cloak)
rCorr    .         Harm     .   a - +0 pair of gloves
MR       .....                  (no boots)
Stlth    ++........             (no amulet)
HPRegen  0.52/turn              (no ring)
MPRegen  0.14/turn              (no ring)

@: no status effects
A: no striking features
a: Renounce Religion


You were on level 4 of the Dungeon.
You worshipped Sif Muna.
Sif Muna was noncommittal.
You were hungry.

You visited 2 branches of the dungeon, and saw 6 of its levels.
You also visited: Sewer.

You collected 181 gold pieces.

Inventory:

Hand Weapons
 k - a cursed -2 broad axe (weapon)
Missiles
 d - 100 stones (quivered)
Armour
 a - a +0 pair of gloves (worn)
 h - a +1 robe of positive energy
 i - a +0 troll leather armour (worn) {Purgy}
Jewellery
 s - an uncursed amulet of rage {unknown}
Scrolls
 m - 2 scrolls of teleportation {!r}
 p - a scroll of blinking {!r}
 q - a scroll of enchant weapon {!r}
 r - 2 scrolls of identify {!r}
Potions
 e - a potion of haste {!q, unknown}
 g - a potion of berserk rage {!q}
 j - a potion of agility {!q}
 l - 2 potions of degeneration {!q, unknown}
 n - a potion of ambrosia {!q}
Books
 b - a book of Necromancy

   Spells                             Type                      Level
   a - Pain                           Necromancy                   1
   b - Animate Skeleton               Necromancy                   1
   c - Vampiric Draining              Necromancy                   3
   d - Regeneration                   Charms/Necromancy            3
   e - Animate Dead                   Necromancy                   4
   f - Control Undead                 Necromancy                   4
Comestibles
 c - 3 bread rations
 f - 2 meat rations
 o - 2 chunks of flesh


   Skills:
 - Level 3.5 Fighting
 - Level 3.5 Dodging
 - Level 2.4 Stealth
 + Level 4.7 Spellcasting
 * Level 6.9 Necromancy


You had 4 spell levels left.
You knew the following spells:

 Your Spells              Type           Power        Failure   Level  Hunger
b - Control Undead        Necr           #####.....   10%         4    ####...
d - Vampiric Draining     Necr           #####.....   3%          3    ##.....
r - Regeneration          Chrm/Necr      ###.......   12%         3    ##.....


Dungeon Overview and Level Annotations

Branches:
Dungeon (5/15)             Temple (1/1) D:4

Altars:
Ashenzari
Cheibriados
Dithmenos
Elyvilon
Fedhas
Gozag
Hepliaklqana
Kikubaaqudgha
Makhleb
Nemelex Xobeh
Okawaru
Qazlal
Ru
Sif Muna
Trog
Uskayaw
Vehumet
Wu Jian
Xom
Yredelemnul
The Shining One

Annotations:
D:4 Amnesiac's ghost, amateur DENe
D:5 Menkaure; Typee's ghost, amateur OpFE


Message History

The phantom blinks!
You swap places.
The phantom barely misses Amnesiac's ghost.
The phantom misses Amnesiac's ghost.
The phantom misses Amnesiac's ghost.
The phantom hits Amnesiac's ghost.
The phantom blinks!
The phantom blinks!
Amnesiac's ghost hits the phantom but does no damage.
The phantom misses you.
Amnesiac's ghost hits the phantom.
The phantom hits Amnesiac's ghost but does no damage.
Amnesiac's ghost hits the phantom.
The phantom hits Amnesiac's ghost but does no damage.
Amnesiac's ghost hits the phantom but does no damage.
The phantom closely misses Amnesiac's ghost.
Amnesiac's ghost barely misses the phantom.
The phantom barely misses Amnesiac's ghost.
Amnesiac's ghost hits the phantom.
The phantom hits Amnesiac's ghost but does no damage.
Amnesiac's ghost hits the phantom.
The phantom hits Amnesiac's ghost!
Amnesiac's ghost barely misses the phantom.
The phantom closely misses Amnesiac's ghost.
Amnesiac's ghost hits the phantom.
The phantom hits Amnesiac's ghost but does no damage.
Amnesiac's ghost hits the phantom.
The phantom hits Amnesiac's ghost but does no damage.
Amnesiac's ghost hits the phantom.
Casting: Control Undead
Confirm with . or Enter, or press ? or * to list all spells.
Your phantom submits to your will.
Your phantom blinks!
Really attack your ally Amnesiac's ghost?
You closely miss Amnesiac's ghost.
Amnesiac's ghost is no longer charmed.
Amnesiac's ghost is moderately damaged.
You are feeling hungry.
Amnesiac's ghost points at you and mumbles some strange words.
Pain shoots through your body!
Your phantom blinks!
Amnesiac's ghost says, "Death will end your pain."
Amnesiac's ghost hits you.
You barely miss Amnesiac's ghost.
Amnesiac's ghost is moderately damaged.
Amnesiac's ghost hits you.
You closely miss Amnesiac's ghost.
Amnesiac's ghost is moderately damaged.
Amnesiac's ghost hits you. x2
Amnesiac's ghost closely misses you.
You see here a spear.
You closely miss Amnesiac's ghost.
Amnesiac's ghost is lightly damaged.
Amnesiac's ghost hits you.
Amnesiac's ghost says, "After I kill you, I will kill you again."
Amnesiac's ghost hits you.
* * * LOW HITPOINT WARNING * * *
x2 You hit Amnesiac's ghost but do no damage.
Amnesiac's ghost is lightly damaged.
Amnesiac's ghost points at you and mumbles some strange words.
Pain shoots through your body!
* * * LOW HITPOINT WARNING * * *
You closely miss Amnesiac's ghost.
Amnesiac's ghost is lightly damaged.
The phantom is no longer charmed.
The phantom hits you.
* * * LOW HITPOINT WARNING * * *
Amnesiac's ghost hits you.
You die...

,,,,...############
****..............#
*..............# *..............#
######'########...# ,......#
#...# #########
**#.##.########...####.......####
###............WW.'..+.......'...
#......########.@.####.......####
#.#.##.............# #.......#
#.#.##...#.#.#.#.#.###.....W.####
#'#>.....#.#.#)#.#..............#
.....#...#.#.#.#.#.........####.#
.....#...#.#.#.#.#.......^.# #.#
.....'...#.#.#.#.#.........# #.#
.....##....................# *..
.....##.....##.#...........# *#.


You could see a phantom and Amnesiac's ghost.

Vanquished Creatures
  Purgy (Sewer)
  An ice beast (D:4)
  An ogre (D:4)
  A bullfrog zombie (D:5)
  2 worker ants (D:5)
  3 gnolls (D:5)
  4 adders
  2 worms (D:3)
  The ghost of Lanoc the Skirmisher, a weakling DsFi (D:3)
  2 leopard geckos
  2 orcs
  8 bats
  2 giant cockroaches (D:1)
  4 goblins
  10 hobgoblins
  5 jackals
  2 quokkas (D:2)
  6 frilled lizards
  10 kobolds
  5 rats
72 creatures vanquished.

Vanquished Creatures (collateral kills)
  A hound skeleton (D:5)
  A shadow imp (D:5)
  A leopard gecko (D:5)
3 creatures vanquished.

Grand Total: 75 creatures vanquished

Notes
Turn   | Place    | Note
-------+----------+-------------------------------------------
     0 | D:1      | Amnesiac the Deep Elf Necromancer began the quest for the Orb.
     0 | D:1      | Reached XP level 1. HP: 10/10 MP: 6/6
    38 | D:1      | Reached skill level 1 in Fighting
   307 | D:2      | Reached XP level 2. HP: 16/17 MP: 5/8
   432 | D:2      | Reached XP level 3. HP: 15/21 MP: 5/9
   458 | D:2      | Learned a level 3 spell: Vampiric Draining
   462 | D:2      | Learned a level 3 spell: Regeneration
   576 | D:3      | Noticed Lanoc's ghost (weakling DsFi)
   684 | D:3      | Found a glowing drain.
   693 | Sewer    | Entered a sewer
   824 | Sewer    | Noticed Purgy
   844 | Sewer    | HP: 1/22 [Purgy (4)]
   865 | Sewer    | Killed Purgy
   865 | Sewer    | Reached XP level 4. HP: 17/28 MP: 1/10
   865 | Sewer    | Reached XP level 5. HP: 20/32 MP: 1/11
  1151 | D:4      | Found a staircase to the Ecumenical Temple.
  1155 | D:4      | Noticed an ogre
  1162 | Temple   | Entered the Ecumenical Temple
  1462 | Temple   | Became a worshipper of Sif Muna the Loreminder
  1661 | D:4      | Killed an ogre
  1661 | D:4      | Reached skill level 5 in Necromancy
  1666 | D:4      | Noticed Amnesiac's ghost (amateur DENe)
  1676 | D:5      | Entered Level 5 of the Dungeon
  1682 | D:5      | Learned a level 4 spell: Control Undead
  1686 | D:5      | Found an iron altar of Okawaru.
  1717 | D:5      | Reached XP level 6. HP: 14/37 MP: 2/13
  1752 | D:5      | Noticed Typee's ghost (amateur OpFE)
  1840 | D:5      | Noticed Menkaure
  1891 | D:5      | Reached skill level 6 in Necromancy
  1963 | D:5      | Noticed an ice beast
  2020 | D:4      | Killed an ice beast
  2321 | D:3      | Killed Lanoc's ghost
  3707 | D:4      | Slain by Amnesiac's ghost

Vault maps used:
D:1:      dpeg_arrival_rooms_a, minmay_misc_feat_alley
D:2:      kennysheep_generic_room_4
D:3:      cheibrodos_sewer_entry_bend, kennysheep_donut,
          small_statue_intersection
D:4:      temple_pool_b, minmay_misc_feat_rows
D:5:      first_bread, okawaru_metal_pillars_1_2, uniq_menkaure
Temple:   roderic_octagonal_lattice_temple
Sewer:    sewer_the_crocodile

Skill      XL: |  1  2  3  4  5  6 |
---------------+-------------------+-----
Fighting       | 1 2 3 |  3.5
Dodging        | 3 |  3.5
Necromancy     | 5 6 |  6.9
Spellcasting   | 4 |  4.7
Stealth        | |  2.4

Action                   |  1- 3 |  4- 6 || total
-------------------------+-------+-------++-------
Melee: Broad axe         |       |   174 ||   174
 Cast: Pain              |    48 |    48 ||    96
       Vampiric Draining |     5 |     7 ||    12
       Control Undead    |       |     9 ||     9
  Use: Potion            |     3 |       ||     3
       Scroll            |     1 |     8 ||     9
 Stab: Sleeping          |       |     5 ||     5
  Eat: Chunk             |       |    11 ||    11
Armor: Robe              |     7 |       ||     7
       Troll leather arm |       |    98 ||    98
Dodge: Dodged            |    41 |   211 ||   252

Table legend:
 A = Spawn XP
 B = Non-spawn XP
 C = Spawn XP percentage of total XP
 D = Spawn monster count
 E = Non-spawn monster count
 F = Spawn count percentage of total count
 G = Total turns spent on level
                    A         B        C        D         E        F      G
               +---------+---------+-------+---------+---------+-------+---------
         Total |       0 |     658 |   0.0 |       0 |      74 |   0.0 |  3707
               +---------+---------+-------+---------+---------+-------+---------
           D:1 |       0 |      44 |   0.0 |       0 |      26 |   0.0 |  1103
           D:2 |       0 |      52 |   0.0 |       0 |      19 |   0.0 |   577
           D:3 |       0 |      41 |   0.0 |       0 |      11 |   0.0 |   658
           D:4 |       0 |     263 |   0.0 |       0 |       4 |   0.0 |   563
           D:5 |       0 |     116 |   0.0 |       0 |       8 |   0.0 |   237
         Sewer |       0 |     142 |   0.0 |       0 |       6 |   0.0 |   250
               +---------+---------+-------+---------+---------+-------+---------
